[Event "ICCopen2016"]
[Site "Internet Chess Club"]
[Date "2016.06.03"]
[Round "4"]
[White "FidePatzer1"]
[Black "Cerealkiller"]
[Result "0-1"]
[ICCResult "White resigns"]
[WhiteElo "1828"]
[BlackElo "1947"]
[Opening "Robatsch defense"]
[ECO "B06"]
[NIC "KF.05"]
[Time "19:33:54"]
[TimeControl "180+0"]

1. e4 g6 2. d4 Bg7 3. Nc3 d5 4. exd5 Nf6 5. Bb5+ Nbd7 6. Nge2 O-O 7. O-O Nb6
8. Bg5 Nbxd5 9. Nxd5 Nxd5 10. c4 Nb6 11. c5 Nd5 12. Bc4 h6 13. Bh4 Bg4 14.
h3 Bxe2 15. Qxe2 g5 16. Bg3 e6 17. Rad1 b6 18. Be5 Bxe5 19. Qxe5 c6 20. cxb6
axb6 21. a3 Qf6 22. g3 Qxe5 23. dxe5 Rfd8 24. Rfe1 Kf8 25. Bxd5 cxd5 26. Rc1
Rdc8 27. f4 gxf4 28. gxf4 Rc5 29. Rxc5 bxc5 30. Kf2 Ra4 31. Kf3 Ke7 32. Rc1
c4 33. Ke3 Ra8 34. Rg1 Rb8 35. f5 Rxb2 36. f6+ Kd7 37. Rg7 Rb3+ 38. Kd4 Kc6
{White resigns}
0-1

[Event "ICCopen2016"]
[Site "Internet Chess Club"]
[Date "2016.06.03"]
[Round "4"]
[White "bullbuffalo"]
[Black "FlashGordon"]
[Result "1-0"]
[ICCResult "Black resigns"]
[WhiteElo "1338"]
[BlackElo "1464"]
[Opening "Polish (Sokolsky) opening"]
[ECO "A00"]
[NIC "VO.10"]
[Time "19:34:07"]
[TimeControl "180+0"]

1. b4 e5 2. Bb2 d6 3. c4 f5 4. Qc2 Nf6 5. e3 Be7 6. a3 c6 7. Be2 O-O 8. h4
Be6 9. Nh3 h6 10. Ng5 hxg5 11. hxg5 Ne4 12. f4 Ng3 13. Rh3 Nxe2 14. Kxe2 g6
15. Nc3 e4 16. Rah1 Kf7 17. b5 Ke8 18. bxc6 Nxc6 19. Rh7 Bxc4+ 20. Kd1 Bd3
21. Qb3 Qd7 22. Rh8 Rc8 23. Rxf8+ Bxf8 24. Rh8 Qf7 25. Nd5 b6 26. Nf6+ Kd8
27. Qxf7 Ne7 28. Rxf8+ Kc7 29. Qxe7+ {Black resigns} 1-0

[Event "ICCopen2016"]
[Site "Internet Chess Club"]
[Date "2016.06.03"]
[Round "4"]
[White "ALexiz"]
[Black "Tresor77"]
[Result "1-0"]
[ICCResult "Black forfeits on time"]
[WhiteElo "1839"]
[BlackElo "1406"]
[Opening "Catalan: closed, 5.Nf3"]
[ECO "E06"]
[NIC "CA.05"]
[Time "19:33:11"]
[TimeControl "180+0"]

1. d4 Nf6 2. c4 e6 3. g3 d5 4. Nf3 Be7 5. Bg2 O-O 6. O-O dxc4 7. Na3 Bxa3 8.
bxa3 Nc6 9. a4 b6 10. Ne5 Nxe5 11. Bxa8 Ned7 12. Bf3 Qe7 13. Qc2 Ba6 14. Rd1
Re8 15. e4 h6 16. Qc3 e5 17. Ba3 c5 18. d5 Qd6 19. Rab1 Rd8 20. h4 Ne8 21.
Rd2 Ndf6 22. Rdb2 Qd7 23. a5 b5 24. Bxc5 Nd6 25. Bxd6 Qxd6 26. a3 Nd7 27.
Qb4 Nc5 28. Rc2 Nd3 29. Qxd6 Rxd6 30. a4 b4 31. Be2 Nc5 32. Bxc4 Nxe4 33.
Bxa6 Rxa6 34. Rxb4 Nf6 35. Rc6 Rxa5 36. d6 Rd5 37. Rb7 a5 38. Rb5 Kf8 39.
Rxd5 {Black forfeits on time} 1-0

[Event "ICCopen2016"]
[Site "Internet Chess Club"]
[Date "2016.06.03"]
[Round "4"]
[White "UltimateR3cruit"]
[Black "Chess64"]
[Result "0-1"]
[ICCResult "White forfeits on time"]
[WhiteElo "1483"]
[BlackElo "1749"]
[Opening "Four knights: Belgrade gambit"]
[ECO "C47"]
[NIC "SO.02"]
[Time "19:32:48"]
[TimeControl "180+0"]

1. e4 e5 2. Nc3 Nf6 3. Nf3 Nc6 4. d4 exd4 5. Nd5 Nxe4 6. Bd3 Nf6 7. Qe2+ Be7
8. Nxf6+ gxf6 9. O-O d5 10. Re1 Be6 11. Bb5 Qd7 12. Nxd4 a6 13. Bxc6 bxc6
14. Bf4 c5 15. Nb3 O-O 16. Rad1 Kh8 17. c4 d4 18. Qh5 Rg8 19. Nxc5 Bxc5 20.
Qxc5 Bh3 21. g3 Rad8 22. Bxc7 Rc8 23. Qxd4 Qxd4 24. Rxd4 Rxc7 25. f4 Rb8 26.
b3 Kg7 27. Kf2 a5 28. Kf3 a4 29. Rb1 axb3 30. Rxb3 Rxb3+ 31. axb3 Be6 32. g4
f5 33. g5 Rb7 34. Rd3 f6 35. h4 fxg5 36. hxg5 Bf7 37. Ke3 Re7+ 38. Kd4 Re4+
39. Kc3 Rxf4 40. c5 Be6 41. b4 Rc4+ 42. Kd2 Rxb4 43. Rd6 Kf7 44. c6 Rg4 45.
c7 Rc4 46. Rc6 Rxc6 47. Kd3 Rxc7 48. g6+ hxg6 49. Ke3 Rc4 50. Ke2 Rf4
{White forfeits on time}
0-1

[Event "ICCopen2016"]
[Site "Internet Chess Club"]
[Date "2016.06.03"]
[Round "4"]
[White "Petergriffin"]
[Black "Aedes"]
[Result "0-1"]
[ICCResult "White resigns"]
[WhiteElo "2018"]
[BlackElo "2515"]
[Opening "QGD Slav defense"]
[ECO "D10"]
[NIC "SL.01"]
[Time "19:33:52"]
[TimeControl "180+0"]

1. d4 d5 2. c4 c6 3. e3 Bf5 4. Nc3 e6 5. Nf3 Nd7 6. Be2 Bd6 7. O-O h6 8. Bd3
Bxd3 9. Qxd3 Ngf6 10. b3 O-O 11. Bb2 Qe7 12. Rad1 a5 13. Rfe1 Bb4 14. Nd2
Rfd8 15. f4 c5 16. cxd5 exd5 17. a3 Bxc3 18. Qxc3 Rdc8 19. Qd3 Ne4 20. Nxe4
dxe4 21. Qb5 Nf6 22. dxc5 Qxc5 23. Qxc5 Rxc5 24. Bxf6 gxf6 25. Rd4 f5 26.
Rc1 Rxc1+ 27. Kf2 Rac8 28. Kg3 R1c2 29. Kh3 R8c3 30. g3 Rxe3 31. Rd5 Rxb3
32. Rxf5 Rxa3 33. Re5 Rb3 34. Kg4 a4 35. h4 Rg2 36. f5 Rgxg3+ 37. Kf4 Rgf3+
38. Kg4 a3 39. Kh5 a2 40. Kxh6 Kf8 41. Ra5 Ra3 42. Rc5 a1=Q 43. f6 Qxf6+
{White resigns}
0-1

[Event "ICCopen2016"]
[Site "Internet Chess Club"]
[Date "2016.06.03"]
[Round "4"]
[White "kaimann"]
[Black "Mercury"]
[Result "0-1"]
[ICCResult "White checkmated"]
[WhiteElo "1942"]
[BlackElo "2347"]
[Opening "Benko's opening"]
[ECO "A00"]
[NIC "VO.09"]
[Time "19:32:43"]
[TimeControl "180+0"]

1. g3 d5 2. Bg2 g6 3. d3 Bg7 4. Nd2 c5 5. e4 Nf6 6. Ngf3 O-O 7. O-O Nc6 8.
Re1 h6 9. c3 dxe4 10. dxe4 Be6 11. Qc2 Qd7 12. Nb3 b6 13. Rd1 Qb7 14. Bf4
Rad8 15. Ne5 Nh5 16. Nxc6 Qxc6 17. Be3 Bg4 18. f3 Be6 19. g4 Nf6 20. h3 Qc7
21. f4 Rxd1+ 22. Rxd1 Rd8 23. f5 Bc8 24. Rxd8+ Qxd8 25. e5 Nd7 26. e6 fxe6
27. fxg6 Nf8 28. Qd2 Qxd2 29. Nxd2 Nxg6 30. Nc4 Ba6 31. Bf1 Kf8 32. Kg2 Ke8
33. Nd6+ exd6 34. Bxa6 Kd7 35. Bd3 Ne5 36. Bh7 d5 37. Bc1 b5 38. Kg3 a5 39.
h4 b4 40. g5 hxg5 41. hxg5 Nc4 42. cxb4 axb4 43. b3 Nd6 44. Kg4 c4 45. Kh5
c3 46. Kg6 Be5 47. Bg8 d4 48. Kh7 d3 49. g6 d2 50. g7 Bxg7 51. Bxd2 cxd2 52.
Kxg7 d1=Q 53. Bxe6+ Kxe6 54. Kg6 Qg4+ 55. Kh7 Kf7 56. Kh6 Qh4#
{White checkmated}
0-1

[Event "ICCopen2016"]
[Site "Internet Chess Club"]
[Date "2016.06.03"]
[Round "4"]
[White "panom"]
[Black "Krister"]
[Result "1-0"]
[ICCResult "Black forfeits on time"]
[WhiteElo "1625"]
[BlackElo "1849"]
[Opening "Sicilian: Najdorf"]
[ECO "B90"]
[NIC "SI.14"]
[Time "19:33:24"]
[TimeControl "180+0"]

1. e4 c5 2. Nf3 d6 3. d4 cxd4 4. Nxd4 Nf6 5. Nc3 a6 6. f3 e6 7. Be3 b5 8.
Qd2 Nbd7 9. g4 Nb6 10. g5 Nfd7 11. O-O-O Qc7 12. h4 Ne5 13. Kb1 b4 14. Nce2
Nbc4 15. Qc1 Nxe3 16. Qxe3 Nc4 17. Qb3 a5 18. Ng3 Ne5 19. f4 Ng4 20. Nb5 Qb6
21. Qf3 h5 22. gxh6 Nxh6 23. e5 d5 24. Bg2 Qxb5 25. f5 Bc5 26. fxe6 Bxe6 27.
Nh5 O-O-O 28. Nxg7 Bg4 29. Bh3 Bxh3 30. Qxh3+ Kb8 31. Nf5 Nxf5 32. Qxf5 Qd7
33. Qd3 Rh6 34. h5 Rb6 35. h6 Rh8 36. h7 Qe6 37. Qg3 Ka7 38. Qg7 Rbb8 39.
Rdf1 Rbf8 40. Rh6 Qd7 41. Qf6 Be7 42. Qa6+ Kb8 43. Rb6+ Kc7 44. Rb7+ Kd8 45.
Rxd7+ Kxd7 46. Qb7+ Ke6 47. Qc6+ Kxe5 48. Re1+ Kf5 49. Rxe7 Rxh7 50. Qxd5+
Kg6 51. b3 Kg7 52. Qg5+ Kh8 53. Re1 Rg7 54. Qf6 Kg8 55. Rh1 Re8 56. Qh6
{Black forfeits on time}
1-0

[Event "ICCopen2016"]
[Site "Internet Chess Club"]
[Date "2016.06.03"]
[Round "4"]
[White "olimpus"]
[Black "fviana"]
[Result "1-0"]
[ICCResult "Black resigns"]
[WhiteElo "2709"]
[BlackElo "2170"]
[Opening "Benko's opening"]
[ECO "A00"]
[NIC "VO.09"]
[Time "19:34:03"]
[TimeControl "180+0"]

1. g3 Nf6 2. Bg2 c5 3. c4 Nc6 4. Nc3 g6 5. d3 Bg7 6. e4 O-O 7. Nge2 d6 8. h3
Rb8 9. Be3 Ne8 10. d4 cxd4 11. Nxd4 a6 12. O-O Nc7 13. Qd2 Ne6 14. Nde2 b5
15. cxb5 axb5 16. Rfd1 Ne5 17. b3 b4 18. Nd5 Ba6 19. Nd4 Qd7 20. Nxb4 Bb7
21. Rac1 Nxd4 22. Bxd4 Rfc8 23. Nd5 Bxd5 24. exd5 Qb5 25. h4 h5 26. Kh1 Ra8
27. Qb2 Nd3 28. Rxc8+ Rxc8 29. Rxd3 Qxd3 30. Bxg7 Rc2 31. Qd4 Qxd4 32. Bxd4
Rxa2 33. Bf1 Rd2 34. Be3 Rb2 35. Bc4 Kg7 36. Bd4+ f6 37. Bxb2 {Black
resigns} 1-0

[Event "ICCopen2016"]
[Site "Internet Chess Club"]
[Date "2016.06.03"]
[Round "4"]
[White "Rude-Dude"]
[Black "fearlessone"]
[Result "0-1"]
[ICCResult "White resigns"]
[WhiteElo "1324"]
[BlackElo "1679"]
[Opening "English: Sicilian reversed"]
[ECO "A25"]
[NIC "EO.23"]
[Time "19:33:01"]
[TimeControl "180+0"]

1. c4 e5 2. Nc3 Nc6 3. d3 Nf6 4. g3 Bc5 5. Bg2 d6 6. Nf3 O-O 7. O-O Re8 8.
Kh1 e4 9. Nxe4 Nxe4 10. dxe4 Rxe4 11. Ng5 Re8 12. Bd5 Be6 13. Nxe6 fxe6 14.
Bg2 Rf8 15. f4 Qe7 16. e4 Rad8 17. Qg4 Qf6 18. e5 dxe5 19. Bxc6 bxc6 20. Kg2
Rde8 21. b3 Bd4 22. Rb1 Qf5 23. Qf3 Qxb1 24. Ba3 Rf7 25. Qxc6 Qc2+ 26. Kh3
Qf5+ 27. g4 Qd3+ 28. Rf3 Qxf3+ 29. Qxf3 Rxf4 30. Qc6 Ref8 31. Bxf8 Rxf8 32.
Qxe6+ Kh8 33. Qe7 Rc8 34. Qd7 Rf8 35. Qxc7 h6 36. Qd6 Rf3+ 37. Kh4 Kh7 38.
Qe7 Bf2+ {White resigns} 0-1

[Event "ICCopen2016"]
[Site "Internet Chess Club"]
[Date "2016.06.03"]
[Round "4"]
[White "Mad-Cobra"]
[Black "papko"]
[Result "1-0"]
[ICCResult "Black forfeits on time"]
[WhiteElo "1860"]
[BlackElo "1515"]
[Opening "Queen's pawn game"]
[ECO "D00"]
[NIC "QP.08"]
[Time "19:33:09"]
[TimeControl "180+0"]

1. d4 d5 2. e3 Nf6 3. f4 c5 4. c3 Nc6 5. Nf3 Bg4 6. h3 Bxf3 7. Qxf3 Qc7 8.
Bb5 Ne4 9. Bxc6+ bxc6 10. O-O f5 11. g3 h5 12. h4 e6 13. Nd2 g5 14. fxg5 Bd6
15. Nxe4 dxe4 16. Qh1 Bxg3 17. Bd2 Rb8 18. b3 Rg8 19. Be1 Bd6 20. Qh3 Qg7
21. Rd1 a5 22. Bg3 Bxg3 23. Qxg3 Qb7 24. Qd6 Kf7 25. Qxc5 Qc7 26. Kg2 Rg6
27. Rf4 Rbg8 28. c4 a4 29. d5 exd5 30. cxd5 axb3 31. axb3 Rb8 32. d6 Qd7 33.
Rxf5+ Kg7 34. Qe5+ Kh7 35. Qe7+ Qxe7 36. dxe7 Rgg8 37. Rd7 Rge8 38. Rf6 Rxb3
39. Rxc6 Rxe3 40. g6+ Kg7 41. Re6 Re2+ 42. Kg3 Re3+ 43. Kf4 Rd3 44. Rxd3
exd3 45. Ke3 d2 46. Kxd2 Kg8 47. Ke3 Kg7 48. Kf4 Kh6 49. Kf5 Kg7 50. Kg5 Kg8
51. Kxh5 Kg7 52. Kg5 Kg8 53. h5 Kg7 54. h6+ Kh8 55. Kf6 Rc8 56. e8=Q+
{Black forfeits on time}
1-0

[Event "ICCopen2016"]
[Site "Internet Chess Club"]
[Date "2016.06.03"]
[Round "4"]
[White "DrOussedik"]
[Black "born2die"]
[Result "1-0"]
[ICCResult "Black forfeits on time"]
[WhiteElo "1763"]
[BlackElo "1768"]
[Opening "Old Indian defense"]
[ECO "A53"]
[NIC "OI.04"]
[Time "19:32:49"]
[TimeControl "180+0"]

1. d4 Nf6 2. c4 d6 3. Nc3 h5 4. e4 h4 5. h3 e5 6. Nf3 Nc6 7. d5 Ne7 8. Bg5
Ng6 9. Qc2 Be7 10. Be3 a6 11. Be2 Bd7 12. O-O-O c5 13. dxc6 bxc6 14. c5 d5
15. exd5 cxd5 16. Nxd5 Nxd5 17. Rxd5 Qc7 18. Kb1 Bf6 19. Rhd1 Be6 20. Rd6
O-O 21. Ng5 Bc8 22. Bd3 Nf4 23. Bxf4 exf4 24. Ne4 Be5 25. Rd5 Be6 26. Bc4
Rab8 27. b3 Bxd5 28. Bxd5 Kh8 29. Ng5 g6 30. c6 Bg7 31. Re1 Rbd8 32. Bf3 Bf6
33. Ne4 Bg7 34. Nc5 Rde8 35. Re4 f5 36. Rxe8 Rxe8 37. Nd3 Kh7 38. a4 Bh8 39.
Ka2 a5 40. Qc4 Qg7 41. Qc1 Qd4 42. Nb2 Rd8 43. c7 Rc8 44. Qc2 Rxc7 45. Qe2
Qxb2+ 46. Qxb2 Bxb2 47. Kxb2 Rc5 48. Be2 Kg7 49. Bc4 Kf6 50. Bb5 Ke5 51. Bc4
{Black forfeits on time}
1-0

[Event "ICCopen2016"]
[Site "Internet Chess Club"]
[Date "2016.06.03"]
[Round "4"]
[White "El-Kaiser"]
[Black "tangent"]
[Result "1-0"]
[ICCResult "Black forfeits on time"]
[WhiteElo "2380"]
[BlackElo "1964"]
[Opening "Nimzo-Indian: 4.e3 c5, 5.Ne2 (Rubinstein, anti-Hübner system)"]
[ECO "E42"]
[NIC "NI.16"]
[Time "19:32:47"]
[TimeControl "180+0"]

1. d4 Nf6 2. c4 e6 3. Nc3 Bb4 4. e3 c5 5. Ne2 cxd4 6. exd4 O-O 7. a3 Be7 8.
Bf4 d6 9. g3 a6 10. Bg2 Qc7 11. Qd3 Nbd7 12. Rc1 Ra7 13. O-O b6 14. b4 Bb7
15. Rfd1 Bxg2 16. Kxg2 e5 17. dxe5 Nxe5 18. Bxe5 dxe5 19. Nd5 e4 20. Qd4 Qb7
21. Qxb6 Nxd5 22. Qxb7 Ne3+ 23. fxe3 Rxb7 24. Nc3 a5 25. Nxe4 axb4 26. axb4
Bxb4 27. c5 Rc7 28. Rd4 Ba3 29. Rcc4 f5 30. Ng5 Re8 31. Rd3 Rxc5 32. Rxc5
Bxc5 33. Kf3 h6 34. Nh3 g6 35. Nf4 Kf7 36. Rc3 Bd6 37. Nd5 Re5 38. Nb6 Rc5
39. Rd3 Be7 40. Nd7 Ra5 41. Nb8 Ke6 42. Nc6 Rc5 43. Nd4+ Kf6 44. Nb3 Re5 45.
Nd2 Bb4 46. Nc4 Re6 47. Nb2 Bc5 48. Na4 Ba7 49. Nc3 g5 50. Nd5+ Kg6 51. h3
h5 52. g4 fxg4+ 53. hxg4 h4 54. e4 Bb8 55. Rb3 Be5 56. Ra3 h3 57. Ra2 h2 58.
Ne3 Rc6 59. Kg2 Rc3 60. Nf5 Rc1 61. Ra6+ Kf7 62. Ra7+ Kf8 63. Ra8+ Kf7 64.
Ra7+ Ke6 65. Ra6+ Kd7 66. Ra7+ Kc6 67. Ng3 Bxg3 68. Kxg3 h1=Q 69. Ra6+ Kb5
70. Ra2 Rg1+ 71. Kf2 {Black forfeits on time} 1-0

[Event "ICCopen2016"]
[Site "Internet Chess Club"]
[Date "2016.06.03"]
[Round "4"]
[White "Bessel"]
[Black "waynehatcher"]
[Result "1-0"]
[ICCResult "Black forfeits on time"]
[WhiteElo "2076"]
[BlackElo "1557"]
[Opening "Pirc: Austrian attack"]
[ECO "B09"]
[NIC "PU.06"]
[Time "19:33:07"]
[TimeControl "180+0"]

1. e4 d6 2. d4 Nf6 3. Nc3 g6 4. f4 Bg7 5. Nf3 O-O 6. Bc4 e6 7. Bb3 c6 8. O-O
d5 9. e5 Nfd7 10. Qe2 a6 11. a4 b6 12. Be3 Bb7 13. a5 b5 14. Kh1 Qc7 15. Nd1
c5 16. dxc5 Nxc5 17. Nf2 Nbd7 18. Nd3 Rac8 19. Qf2 Ne4 20. Qh4 Qd8 21. Qe1
Qe7 22. c3 Rc7 23. Nd4 Rfc8 24. Bg1 f6 25. exf6 Bxf6 26. Nf3 Qg7 27. Bd4
Bxd4 28. Nxd4 Re8 29. Qh4 Qf6 30. Qxf6 Ndxf6 31. Rae1 Kg7 32. Ne5 Ree7 33.
g4 Nd7 34. Nxd7 Rcxd7 35. Kg2 h6 36. Bc2 Nd6 37. Kg3 Nc4 38. Nxe6+ Kh8 39.
f5 gxf5 40. gxf5 Rf7 41. f6 Bc8 42. Ng7 Rd8 43. Bg6 Rff8 44. Re7 Nd6 45. Nh5
{Black forfeits on time}
1-0

[Event "ICCopen2016"]
[Site "Internet Chess Club"]
[Date "2016.06.03"]
[Round "4"]
[White "InigoMI"]
[Black "JUGGERNOT"]
[Result "0-1"]
[ICCResult "White resigns"]
[WhiteElo "1572"]
[BlackElo "1842"]
[Opening "English: Anglo-Dutch defense"]
[ECO "A10"]
[NIC "HD.14"]
[Time "19:33:38"]
[TimeControl "180+0"]

1. c4 f5 2. Nc3 Nf6 3. Nf3 d6 4. g3 e5 5. d3 Be7 6. Bg2 O-O 7. O-O Be6 8. b4
h6 9. Nh4 c6 10. Ng6 Rf7 11. Nxe7+ Qxe7 12. Rb1 Nbd7 13. b5 d5 14. bxc6 bxc6
15. cxd5 cxd5 16. Nb5 e4 17. Nc7 Rc8 18. Nxe6 Qxe6 19. Qa4 Nb6 20. Qa6 Rc6
21. Be3 Nc4 22. Rb8+ Kh7 23. Qb5 Nxe3 24. fxe3 Rc2 25. dxe4 fxe4 26. Rb7
Rxb7 27. Qxb7 Rxa2 28. Qb3 Rxe2 29. Qa3 a6 30. Rb1 Ng4 31. Bf1 Rxe3 32. Qf8
Rf3 33. Rb8 Rxf8 34. Rxf8 {White resigns} 0-1

[Event "ICCopen2016"]
[Site "Internet Chess Club"]
[Date "2016.06.03"]
[Round "4"]
[White "croder"]
[Black "nurmi"]
[Result "0-1"]
[ICCResult "White forfeits on time"]
[WhiteElo "1743"]
[BlackElo "2319"]
[Opening "Pirc: Ufimtsev-Pytel variation"]
[ECO "B07"]
[NIC "VO.17"]
[Time "19:32:53"]
[TimeControl "180+0"]

1. e4 d6 2. Nc3 Nf6 3. d4 c6 4. Nf3 Qa5 5. Bd3 e5 6. dxe5 dxe5 7. Bd2 Qc7 8.
O-O Be7 9. Qc1 O-O 10. Bg5 Be6 11. Ne2 b5 12. Ng3 Nbd7 13. a3 Nc5 14. Re1
Rfd8 15. Qe3 Ng4 16. Qd2 Rxd3 17. cxd3 Nb3 18. Qd1 Nxa1 19. Qxa1 Bc5 20. Be3
Nxe3 21. fxe3 Qb6 22. d4 exd4 23. exd4 Bxd4+ 24. Nxd4 Qxd4+ 25. Kh1 Rd8 26.
Qc1 c5 27. b4 cxb4 28. axb4 Qxb4 29. Rd1 Rxd1+ 30. Qxd1 h6 31. Qd8+ Kh7 32.
h3 a5 33. Qd3 a4 34. e5+ Kg8 35. Qd8+ Qf8 36. Qd3 b4 37. Ne4 Bf5 38. Qf3
Bxe4 39. Qxe4 a3 40. e6 fxe6 41. Qxe6+ Kh8 42. g4 Qf3+ 43. Kh2 b3 44. g5 b2
45. Qe8+ Qf8 46. Qxf8+ Kh7 47. Qf5+ Kg8 48. Qb1 hxg5 49. Kg3 Kf7 50. Kg4 Kf6
51. h4 gxh4 52. Kxh4 Ke5 53. Kg4 Kd4 54. Qd1+ Kc3 55. Qb1 Kb3 56. Qd3+ Ka2
57. Qc4+ Ka1 58. Qf7 b1=Q {White forfeits on time} 0-1

[Event "ICCopen2016"]
[Site "Internet Chess Club"]
[Date "2016.06.03"]
[Round "4"]
[White "luckypawns"]
[Black "nikenwidiartto"]
[Result "0-1"]
[ICCResult "White resigns"]
[WhiteElo "1558"]
[BlackElo "1863"]
[Opening "Scandinavian (center counter) defense"]
[ECO "B01"]
[NIC "VO.17"]
[Time "19:34:15"]
[TimeControl "180+0"]

1. e4 d5 2. d3 dxe4 3. Nc3 exd3 4. Bxd3 Nf6 5. Nf3 Bg4 6. Bg5 e6 7. Qe2 Be7
8. O-O-O Nbd7 9. h3 Bh5 10. Bb5 c6 11. Ba4 Qc7 12. Bb3 O-O-O 13. Be3 Kb8 14.
Qc4 Nd5 15. g4 Bg6 16. Nd4 Nxe3 17. fxe3 Nb6 18. Qe2 Nd5 19. Nxd5 cxd5 20.
c3 a6 21. Bc2 Rc8 22. Bxg6 hxg6 23. Rdf1 Bf6 24. Nf3 Qc4 25. Qxc4 Rxc4 26.
g5 Bd8 27. Nd4 Bxg5 28. Rxf7 Bxe3+ 29. Kb1 Bxd4 30. cxd4 Rxd4 31. Rxg7 Rh6
32. Re1 Re4 33. Rf1 Rxh3 34. Rxg6 Rh2 35. a3 Ree2 36. b4 e5 37. Rd6 d4 38.
Kc1 Ra2 39. Kb1 Rxa3 40. Rf8+ Ka7 41. Rd5 Re3 42. Rf1 d3 43. Kc1 e4 44. Rd4
Ree2 45. Kd1 Ra2 46. Rc4 e3 {White resigns} 0-1

[Event "ICCopen2016"]
[Site "Internet Chess Club"]
[Date "2016.06.03"]
[Round "4"]
[White "PawnTerminator"]
[Black "mrneale"]
[Result "1-0"]
[ICCResult "Black forfeits on time"]
[WhiteElo "1664"]
[BlackElo "1230"]
[Opening "Polish (Sokolsky) opening"]
[ECO "A00"]
[NIC "VO.10"]
[Time "19:33:39"]
[TimeControl "180+0"]

1. b4 d5 2. Bb2 Nc6 3. b5 Na5 4. e3 Nc4 5. Bxc4 dxc4 6. Nf3 Nf6 7. O-O e6 8.
a4 Bd6 9. Qe2 O-O 10. Qxc4 Bd7 11. Nc3 Rc8 12. Qb3 c6 13. d4 cxb5 14. Nxb5
Bb8 15. c4 a6 16. Nc3 b6 17. Ba3 Re8 18. c5 bxc5 19. Bxc5 Bc7 20. Rfc1 Rb8
21. Qa3 Ba5 22. Bd6 Rb7 23. Ne5 Nd5 24. Nxd5 exd5 25. Nxd7 Qxd7 26. Bc5 Reb8
27. Qa2 Rb2 28. Qxb2 Rxb2 29. Rcb1 Rxb1+ 30. Rxb1 Bc7 31. Rb7 Qc6 32. Rb1
Qxa4 33. g3 g6 34. Rb7 Qc6 35. Ra7 a5 36. Kg2 Bb6 37. Bxb6 Qxb6 38. Ra8+ Kg7
39. h4 Qb2 40. g4 Qb4 41. Ra7 a4 42. Kf3 a3 43. g5 Qb2 44. Kg2
{Black forfeits on time}
1-0

[Event "ICCopen2016"]
[Site "Internet Chess Club"]
[Date "2016.06.03"]
[Round "4"]
[White "Koval"]
[Black "rovov"]
[Result "0-1"]
[ICCResult "White resigns"]
[WhiteElo "1888"]
[BlackElo "1645"]
[Opening "Caro-Kann: Rasa-Studier gambit"]
[ECO "B15"]
[NIC "CK.05"]
[Time "19:33:08"]
[TimeControl "180+0"]

1. d4 d5 2. Nc3 c6 3. e4 dxe4 4. f3 exf3 5. Nxf3 Bg4 6. Bc4 Nf6 7. Bxf7+
Kxf7 8. Ne5+ Ke8 9. Nxg4 Nxg4 10. Qxg4 g6 11. O-O Bg7 12. Be3 Nd7 13. Qe6
Nf6 14. Rae1 Qd7 15. Bg5 Qxe6 16. Rxe6 Kd7 17. Rfe1 Rae8 18. h3 h6 19. Bxf6
exf6 20. Rxe8 Rxe8 21. Rxe8 Kxe8 22. Ne4 Ke7 23. c3 f5 24. Nc5 b6 25. Nd3
Kd6 26. Kf2 c5 27. dxc5+ bxc5 28. Ke3 g5 29. h4 Kd5 30. hxg5 hxg5 31. g3 Be5
32. c4+ Kd6 33. Kf3 Bd4 34. b3 a5 35. g4 Ke6 36. Ne1 Ke5 37. gxf5 Kxf5 38.
Ng2 g4+ 39. Kg3 Be5+ 40. Kf2 Ke4 41. Ke2 Kd4 42. Ne3 g3 43. Nf5+ Kc3 44. Kf3
Kb2 45. Nxg3 Bxg3 46. Kxg3 Kxa2 47. b4 axb4 {White resigns} 0-1

[Event "ICCopen2016"]
[Site "Internet Chess Club"]
[Date "2016.06.03"]
[Round "4"]
[White "Kakarotto"]
[Black "fito"]
[Result "1-0"]
[ICCResult "Black forfeits on time"]
[WhiteElo "2663"]
[BlackElo "2299"]
[Opening "Queen's Indian: Nimzovich variation (exaggerated fianchetto)"]
[ECO "E15"]
[NIC "QI.05"]
[Time "19:32:55"]
[TimeControl "180+0"]

1. d4 Nf6 2. c4 e6 3. Nf3 b6 4. g3 Ba6 5. Qc2 c6 6. Bg2 d5 7. Ne5 Bd6 8. O-O
O-O 9. Bf4 Bxe5 10. dxe5 Nfd7 11. b3 Qe7 12. h4 h6 13. h5 Nc5 14. Nd2 Nbd7
15. b4 Nb7 16. b5 cxb5 17. cxd5 exd5 18. Bxd5 Rac8 19. Qf5 Nbc5 20. Ne4 b4
21. Nd6 Rcd8 22. Rfe1 Ne6 23. Be3 Ndc5 24. Rad1 Bc8 25. Qb1 a5 26. Nf5 Qc7
27. Nd6 Bb7 28. f4 Bxd5 29. Rxd5 Ne4 30. Qxe4 Nc5 31. Bxc5 bxc5 32. Red1 c4
33. Nxc4 Rxd5 34. Qxd5 Rc8 35. Nd6 Rd8 36. Kg2 a4 37. Rd2 a3 38. Qc4 Qe7 39.
Qxb4 Qe6 40. Qxa3 Qg4 41. Qf3 Qxh5 42. Qxh5 Rxd6 43. exd6
{Black forfeits on time}
1-0

[Event "ICCopen2016"]
[Site "Internet Chess Club"]
[Date "2016.06.03"]
[Round "4"]
[White "SMACK"]
[Black "Towinning"]
[Result "1-0"]
[ICCResult "Black checkmated"]
[WhiteElo "1996"]
[BlackElo "2371"]
[Opening "Alekhine's defense: Scandinavian variation"]
[ECO "B02"]
[NIC "AL.10"]
[Time "19:33:52"]
[TimeControl "180+0"]

1. e4 Nf6 2. Nc3 d5 3. exd5 Nxd5 4. Nxd5 Qxd5 5. Nf3 Bg4 6. Be2 e5 7. d4
exd4 8. Qxd4 Qxd4 9. Nxd4 Bxe2 10. Nxe2 Nc6 11. Be3 O-O-O 12. O-O Be7 13. c3
Bf6 14. Rfd1 a6 15. Nf4 Ne5 16. Nd5 Nc4 17. Nxf6 Nxe3 18. fxe3 gxf6 19. Kf2
Rhe8 20. Kf3 Re6 21. Rxd8+ Kxd8 22. Kf4 Ke7 23. e4 Re5 24. Rd1 Ke6 25. Rd8
Ke7 26. Rh8 Rh5 27. h3 Rb5 28. b3 Ra5 29. a4 Rc5 30. c4 Rh5 31. Rb8 b6 32.
Rh8 Ke6 33. Kg4 Rh6 34. Kf4 f5 35. exf5+ Kf6 36. g4 Rxh3 37. Rc8 Rh1 38.
Rxc7 Rb1 39. Rc6+ Kg7 40. Kg5 Rxb3 41. f6+ Kf8 42. Rc8# {Black checkmated}
1-0

[Event "ICCopen2016"]
[Site "Internet Chess Club"]
[Date "2016.06.03"]
[Round "4"]
[White "Shadowbane"]
[Black "inoahlot"]
[Result "1/2-1/2"]
[ICCResult "Black ran out of time and White has no material to mate"]
[WhiteElo "1722"]
[BlackElo "1325"]
[Opening "Carr's defense"]
[ECO "B00"]
[NIC "VO.17"]
[Time "19:33:16"]
[TimeControl "180+0"]

1. e4 h6 2. c4 g6 3. Nc3 f6 4. g3 e6 5. h3 d6 6. Bg2 Bd7 7. Nge2 Qe7 8. O-O
Bg7 9. Nd5 exd5 10. exd5 Bf5 11. Nd4 Nd7 12. Re1 Ne5 13. f4 O-O-O 14. fxe5
fxe5 15. Nxf5 gxf5 16. d4 Qf7 17. dxe5 Bxe5 18. Bf4 Qf6 19. Bxe5 dxe5 20. d6
Rxd6 21. Qb3 Rb6 22. Qc3 e4 23. Qxf6 Nxf6 24. b3 Rd8 25. Re2 Rbd6 26. Rae1
Rd1 27. Kf2 Rxe1 28. Kxe1 Rd3 29. Kf2 h5 30. Bf1 Rf3+ 31. Kg2 f4 32. gxf4
Rxf4 33. Kg3 Rf3+ 34. Kg2 h4 35. Rf2 Rg3+ 36. Kh2 Ne8 37. Rf4 e3 38. Rxh4
Rf3 39. Kg1 Rf2 40. Re4 Kd8 41. Rxe3 Rxa2 42. Be2 Ra1+ 43. Kg2 Kd7 44. Bg4+
Kd8 45. Rd3+ Ke7 46. Rd7+ Kf8 47. Rd8 Ra2+ 48. Kg3 Ra3 49. Bd7 Rxb3+ 50. Kf4
Rxh3 51. Rxe8+ Kf7 52. Bxh3 Kxe8 53. Ke5 Ke7 54. Bg2 c6 55. Kd4 Kd7 56. Kc5
Kc7 57. Kb4 b6 58. Bxc6 Kxc6 59. Ka4 a6 60. Kb4 b5 61. cxb5+ axb5 62. Kb3
Kc5 63. Kc3 b4+ 64. Kb3 Kb5 65. Kb2 Kc4 66. Kc2
{Black ran out of time and White has no material to mate}
1/2-1/2